Map: Echo LE (Void)

Players

Musumeci - Winner!

  • Race: Zerg Zerg
  • League: Diamond
  • Spawn Location: 11:00

Phaenoman

  • Race: Zerg Zerg
  • Spawn Location: 5:00

VOD

Have the link to the VOD?

Description

Time

  • Played on: Dec. 30, 2016, 3:53 p.m.
  • Length: 3:10
Show
View Real Time Build Order
Export as new Build Order

Musumeci Zerg - Winner!

Build Orders: Pool Only 

Get SALT Encoding   

  12  0:03  Extractor  
  11  0:23  Spawning Pool  
  11  0:27  Drone  
  11  0:30  Drone  
  12  0:39  Drone  
  13  0:52  Overlord  
  13  1:09  Metabolic Boost  
  13  1:11  Zergling x2  
  14  1:12  Zergling x2  
  14  1:16  Zergling x2  
  16  1:22  Zergling x2  
  17  1:33  Zergling x2  
  18  1:42  Queen  
  18  1:43  Zergling x2  
  21  1:54  Zergling x2  
  22  2:05  Overlord  
  22  2:49  Zergling x6  
Show
View Real Time Build Order
Export as new Build Order

Phaenoman Zerg 

Build Orders: Hatch First 

Get SALT Encoding   

  12  0:01  Drone  
  13  0:13  Overlord  
  13  0:16  Drone  
  14  0:31  Drone x2  
  16  0:37  Drone  
  17  0:53  Hatchery  
  17  0:55  Drone  
  17  1:00  Drone  
  18  1:11  Extractor  
  17  1:15  Spawning Pool  
  17  1:16  Drone  
  17  1:22  Drone  
  18  1:29  Drone  
  19  1:39  Overlord  
  19  1:50  Drone  
  20  2:03  Queen  
  20  2:05  Queen  
  20  2:07  Zergling x2  
  25  2:10  Drone  
  26  2:19  Drone x2  
  28  2:26  Zergling x2  
  28  2:27  Zergling x2  
  29  2:42  Baneling Nest  
  25  2:45  Zergling x4  
  25  2:46  Zergling x2  
Tags
 
League
Diamond
Matchup
ZvZ
Race
Zerg
Replay Pack
replay pack
Spawn Locations
Cross Positions
Add a new tag
Caveats
  • Supply blocks, unpowered buildings, or Contaminate may cause inaccurate times.
  • Supply counts are checked every 10 seconds.